 Dungeon Crawl Stone Soup version 0.30-b1-2-g02819fbbbe (webtiles) character file.

Game seed: 4257106589152622079

101780 Fartwhistle the Fighter (level 16, -1/189 HPs)
             Began as a Naga Transmuter on May 26, 2023.
             Was an Elder of Cheibriados.
             Slain by a spriggan defender simulacrum (7 damage)
             ... in an ice cave.
             The game lasted 01:23:31 (29890 turns).

Fartwhistle the Fighter (Naga Transmuter)          Turns: 29890, Time: 01:23:33

Health: -1/189     AC: 11    Str: 22    XL:     16   Next: 31%
Magic:  28/30      EV: 19    Int: 32    God:    Cheibriados [****..]
Gold:   1481       SH:  5    Dex: 28    Spells: 9/36 levels left

rFire   x . .        w - melded +5 spear "Hydraslayer" {vamp, Int+7}
rCold   + + +        (shield currently unavailable)
rNeg    . . .        L - melded +4 Cigotuvi's embrace {Corpsefed rMiasma Drain rN+}
rPois   +            Y - melded +0 helmet
rElec   .            (cloak currently unavailable)
rCorr   .            q - melded +0 pair of gloves
SInv    +            X - melded +2 barding
Will    +++..        I - amulet of reflection
Stlth   ++           A - ring of willpower
HPRegen 0.51/turn    n - +6 ring of dexterity
MPRegen 0.22/turn

%: reflection
@: ice-form, very slow
A: freezing attack, amphibious, boosted hp, AC +5, large, see invisible,
(deformed body), (poison resistance), (slowness 2), spit poison 1, (naga tail 2)
a: Spit Poison, End Transformation, Renounce Religion, Bend Time, Temporal
Distortion, Slouch


You were in an ice cave.
You worshipped Cheibriados.
Cheibriados was greatly pleased with you.
You were a creature of crystalline ice.
You visited 4 branches of the dungeon, and saw 23 of its levels.
You also visited: Trove, Ossuary and Ice Cave.

You collected 2474 gold pieces.
You spent 993 gold pieces at shops.

Inventory:

Hand Weapons
 w - the +5 spear "Hydraslayer" (melded) {vamp, Int+7}
   (You found it on level 8 of the Dungeon)

   Int:       It affects your intelligence (+7).
Missiles
 C - 4 throwing nets
 M - 19 boomerangs
Armour
 d - a +2 robe of fire resistance
 q - a +0 pair of gloves (melded)
 L - the +4 Cigotuvi's embrace (melded) {Corpsefed rMiasma Drain rN+}
   (You bought it in a shop on level 2 of the Orcish Mines)

   Corpsefed: It gathers nearby corpses to temporarily increase the armour it
   provides.
   rMiasma:   It protects you from foul pestilence.
   rN:        It protects you from negative energy.
   Drain:     It drains your maximum health when unequipped.
 X - a +2 barding (melded)
 Y - a +0 helmet (melded)
Jewellery
 c - an amulet of the acrobat
 j - a +6 ring of strength
 m - a ring of wizardry
 n - a +6 ring of dexterity (right front paw)
 A - a ring of willpower (left front paw)
 B - a +6 ring of dexterity
 G - a ring of ice
 I - an amulet of reflection (around neck)
 J - a ring of fire
 T - a ring of willpower
 U - the ring "Iprivviso" {rC+ rCorr}
   (You found it in a treasure trove)

   [ring of resist corrosion]

   rC:        It protects you from cold.
   rCorr:     It protects you from acid and corrosion.
Wands
 p - a wand of quicksilver (3)
 E - a wand of polymorph (3)
 H - a wand of charming (15)
 V - a wand of digging (7)
 W - a wand of mindburst (1)
Scrolls
 e - 9 scrolls of blinking
 f - 11 scrolls of teleportation
 i - 4 scrolls of vulnerability
 k - 4 scrolls of immolation
 o - 3 scrolls of poison
 u - 5 scrolls of enchant weapon
 y - 2 scrolls of butterflies
 D - 3 scrolls of amnesia
 F - 2 scrolls of fog
 K - 6 scrolls of magic mapping
 N - a scroll of silence
 P - a scroll of identify
 S - a scroll of brand weapon
Potions
 a - 10 potions of ambrosia
 b - 2 potions of heal wounds
 g - 15 potions of curing
 h - 3 potions of magic
 l - 2 potions of cancellation
 r - 3 potions of mutation
 s - a potion of berserk rage
 t - 2 potions of lignification
 v - 5 potions of brilliance
 x - 2 potions of might
 z - 9 potions of flight
 O - 4 potions of resistance
 Q - 3 potions of attraction
 R - a potion of invisibility


   Skills:
 + Level 13.8 Fighting
 - Level 3.5 Armour
 + Level 9.9 Dodging
 + Level 12.4 Unarmed Combat
 + Level 10.9 Spellcasting
 - Level 8.2 Conjurations
 - Level 8.0 Transmutations
 + Level 5.7 Ice Magic
 - Level 5.0 Poison Magic
 - Level 7.0 Invocations
 - Level 5.0 Evocations


You had 9 spell levels left.
You knew the following spells:

 Your Spells              Type           Power      Damage    Failure   Level
a - Beastly Appendage     Tmut           100%       N/A       1%          1
b - Spider Form           Tmut/Pois      56%        N/A       1%          3
c - Ice Form              Ice/Tmut       57%        N/A       1%          4
d - Mephitic Cloud        Conj/Pois/Air  45%        N/A       1%          3
e - Olgreb's Toxic Radia  Pois           49%        N/A       3%          4
f - Freezing Cloud        Conj/Ice/Air   23%        6-21      11%         5
g - Blade Hands           Tmut           31%        N/A       2%          5
h - Blink                 Tloc           34%        N/A       4%          2

Your spell library contained the following spells:

 Spells                   Type           Power      Damage    Failure   Level
 Kiss of Death            Conj/Necr      100%       2d13      1%          1
 Magic Dart               Conj           100%       1d8       1%          1
 Shock                    Conj/Air       100%       1d9       1%          1
 Sting                    Tmut/Pois      100%       1d8       1%          1
 Ensorcelled Hibernation  Hex/Ice        72%        N/A       1%          2
 Passwall                 Tmut/Erth      35%        N/A       1%          2
 Poisonous Vapours        Pois/Air       66%        N/A       1%          2
 Searing Ray              Conj           100%       2d8       1%          2
 Wereblood                Tmut           62%        N/A       1%          2
 Frozen Ramparts          Ice            100%       1d16      1%          3
 Hailstorm                Conj/Ice       58%        3d13      1%          3
 Necrotise                Necr           68%        1d7       2%          1
 Slow                     Hex            68%        N/A       2%          1
 Cigotuvi's Dreadful Rot  Necr/Pois/Air  56%        N/A       2%          2
 Fulminant Prism          Conj/Hex       22%        3d12      4%          4
 Iskenderun's Mystic Bla  Conj/Tloc      44%        2d10      4%          4
 Petrify                  Tmut/Erth      43%        N/A       5%          4
 Confusing Touch          Hex            17%        N/A       9%          3
 Swiftness                Air            17%        N/A       9%          3
 Vampiric Draining        Necr           17%        2d7       9%          3
 Summon Ice Beast         Ice/Summ       36%        N/A       9%          4
 Airstrike                Air            8%         2d(2-18)  28%         4
 Anguish                  Hex/Necr       8%         N/A       28%         4
 Animate Armour           Summ/Erth      34%        N/A       28%         4
 Animate Dead             Necr           17%        N/A       28%         4
 Dispel Undead            Necr           17%        3d10      28%         4
 Leda's Liquefaction      Hex/Erth       8%         N/A       28%         4
 Manifold Assault         Tloc           17%        N/A       28%         4
 Agony                    Necr           17%        N/A       61%         5
 Borgnjor's Vile Clutch   Necr/Erth      8%         N/A       61%         5
 Iron Shot                Conj/Erth      22%        9d5       61%         6
 Simulacrum               Ice/Necr       18%        N/A       78%         6
 Ozocubu's Refrigeration  Ice            26%        4d13      91%         7
 Death Channel            Necr           8%         N/A       99%         6
 Storm Form               Tmut/Air       21%        N/A       99%         7
 Maxwell's Capacitive Co  Air            8%         ∞         100%        8
 Necromutation            Tmut/Necr      21%        N/A       100%        8
 Polar Vortex             Ice            26%        N/A       100%        9


Dungeon Overview and Level Annotations

Branches:
Dungeon (15/15)            Temple (1/1) D:7            Lair (5/5) D:9
  Swamp (0/4) Lair:2        Snake (0/4) Lair:2        Slime (0/5) Lair:4
    Orc (2/2) D:9             Elf (0/3) Orc:2        Vaults (0/5) D:14
 Depths (0/4) D:15        Ossuary (visited)           IceCv (1/1)

Altars:
Ashenzari
Cheibriados
Dithmenos
Elyvilon
Fedhas
Gozag
Hepliaklqana
Kikubaaqudgha
Makhleb
Nemelex Xobeh
Okawaru
Qazlal
Ru
Sif Muna
Trog
Uskayaw
Vehumet
Wu Jian
Xom
Yredelemnul
Zin
The Shining One
Lugonu

Shops:
D:12 [   D:15 (   Orc:2 ?[[!:

Portals:
Abyss: Lair:5

Annotations:
D:4 1 runed translucent door, Crazy Yiuf
D:9 4 runed translucent doors
Lair:4 3 runed translucent doors, exclusion: 3 oklob plants, graymark's ghost, journeyman DjFE


Innate Abilities, Weirdness & Mutations

You are a creature of crystalline ice.
You have a powerful freezing melee attack.
You are amphibious.
Your maximum health is increased.
Your armour is entirely melded.
You are incapable of wielding weapons or throwing items.
((Your serpentine skin is tough. (AC +5)))
You have supernaturally acute eyesight. (SInv)
((Armour fits poorly on your strangely shaped body.))
((Your system is resistant to poisons. (rPois)))
((You cover ground very slowly.))
You can spit poison.
((You can use your snake-like lower body to constrict enemies.))


Message History

You barely miss the ice devil.
The ice devil is almost dead.
The ice devil hits you.
* * * LOW HITPOINT WARNING * * *
The ice devil freezes you. You resist.
* * * LOW HITPOINT WARNING * * *
The spriggan defender simulacrum completely misses you.
You hit the ice devil.
The ice devil is almost dead.
You block the spriggan defender simulacrum's attack.
The spriggan defender simulacrum hits you.
* * * LOW HITPOINT WARNING * * *
The spriggan defender simulacrum freezes you.
You resist.
* * * LOW HITPOINT WARNING * * *
The spriggan defender simulacrum hits you!
* * * LOW HITPOINT WARNING * * *
The spriggan defender simulacrum freezes you.
You resist.
* * * LOW HITPOINT WARNING * * *
You feel much better. The ice devil misses you.
The spriggan defender simulacrum hits you but does no damage.
The spriggan defender simulacrum barely misses you.
You punch the ice devil!
You kill the ice devil!
Cheibriados thoroughly appreciates the change of pace.
The spriggan defender simulacrum misses you.
The spriggan defender simulacrum hits you!
* * * LOW HITPOINT WARNING * * *
The spriggan defender simulacrum freezes you.
You resist.
* * * LOW HITPOINT WARNING * * *
The spriggan defender simulacrum hits you!
* * * LOW HITPOINT WARNING * * *
The spriggan defender simulacrum freezes you.
You resist.
* * * LOW HITPOINT WARNING * * *
The spriggan defender simulacrum hits you but does no damage.
The spriggan defender simulacrum hits you!
You die...

..
#.##
#..#
##...
...##
#...#
#.Z.#
#ZZ.#
##Y.#
#.∩.#
##..#
###


You could see 2 spriggan defender simulacra and a minotaur simulacrum.

Vanquished Creatures
  Jorgrun (D:14)
  Azrael (D:12)
  Nessos (Lair:4)
  Josephine (D:10)
  5 hydras
  The ghost of ryxuma the Severer, a journeyman MiBe of Trog (Orc:1)
  A catoblepas (Lair:5)
  2 ice dragons
  2 death knights
  3 centaur warriors
  4 two-headed ogres
  4 boulder beetles
  An anaconda (shapeshifter) (Lair:5)
  8 death yaks
  An orc high priest (Orc:2)
  4 thrashing horrors (Lair:5)
  Sonja (D:10)
  A shadow wraith (D:14)
  A skyshark (Lair:4)
  Amaemon (D:10)
  A fire crab (shapeshifter) (D:14)
  5 skeletal warriors (D:13)
  2 lindwurms (Lair:2)
  4 slime creatures
  2 deep elf pyromancers
  7 orc knights
  2 lindwurms (shapeshifter) (Lair:5)
  5 manticores
  3 large abominations (Lair:5)
  3 orc sorcerers
  9 ugly things
  4 cyclopes
  4 black mambas
  An orange demon (D:10)
  A smoke demon (Lair:5)
  15 elephants
  A torpor snail (Lair:4)
  10 cane toads
  2 kobold demonologists (D:11)
  4 freezing wraiths
  An unseen horror (D:11)
  9 komodo dragons
  A queen bee (D:12)
  An ice devil (IceCv)
  6 trolls
  An ancient zyme (Lair:5)
  A hornet (shapeshifter) (Lair:5)
  3 meliai (D:12)
  2 polar bears
  2 hornets
  32 blink frogs
  2 spriggans (Lair:5)
  A shadow (D:9)
  11 wraiths
  4 fire bats (Lair:4)
  2 ynoxinuls (Lair:5)
  5 wyverns
  67 yaks
  6 basilisks
  3 fire elementals (D:12)
  A steam dragon (D:9)
  Eustachio (D:6)
  3 vampire mosquitoes (D:11)
  5 redbacks (D:15)
  10 wargs
  11 small abominations (Lair:5)
  3 acid dragons
  12 water moccasins
  2 hell hounds (D:12)
  5 black bears
  44 orc warriors
  2 ice beasts (D:8)
  A sky beast (D:8)
  7 ogres
  9 wolves
  3 phantoms
  8 centaurs
  5 kobold brigands
  Blork the orc (D:4)
  3 scorpions
  13 bullfrogs
  A gnoll sergeant (D:8)
  2 water moccasin zombies (Ossuary)
  11 wights (D:7)
  A troll zombie (D:9)
  26 killer bees
  7 electric eels
  5 howler monkeys
  5 jellies
  17 orc priests
  4 gnoll boudas
  A hound (D:5)
  6 hell rats
  2 sleepcaps
  2 iguanas
  18 orc wizards
  7 ogre zombies (D:9)
  2 mummies (Ossuary)
  21 gnolls
  3 river rats (D:9)
  9 adders
  2 shadow imps
  4 adder zombies (Ossuary)
  A worm (D:3)
  5 dart slugs
  97 orcs
  10 ball pythons
  7 endoplasms
  4 giant cockroaches
  13 goblins
  9 hobgoblins
  8 jackals
  6 quokkas
  6 bats
  2 frilled lizards (D:1)
  3 gnoll zombies (Ossuary)
  2 goblin skeletons (D:9)
  2 goblin zombies (D:9)
  A hobgoblin skeleton (D:9)
  7 hobgoblin zombies
  22 kobolds
  5 kobold zombies (Ossuary)
  3 orc skeletons (D:9)
  19 orc zombies
  12 rats
838 creatures vanquished.

Vanquished Creatures (others)
  A fire vortex (Lair:4)
  25 fungi
  37 plants
  5 withered plants (D:8)
68 creatures vanquished.

Grand Total: 906 creatures vanquished

Notes
Turn   | Place    | Note
-------+----------+-------------------------------------------
     0 | D:1      | Fartwhistle the Naga Transmuter began the quest for the
                  | Orb.
     0 | D:1      | Reached XP level 1. HP: 18/18 MP: 3/3
   127 | D:1      | Reached XP level 2. HP: 12/25 MP: 3/5
   580 | D:1      | Reached XP level 3. HP: 28/31 MP: 6/6
  1109 | D:2      | Found a faded altar of an unknown god.
  1315 | D:2      | Learned a level 3 spell: Spider Form
  1332 | D:2      | Found a glowing golden altar of the Shining One.
  1555 | D:2      | Reached XP level 4. HP: 26/38 MP: 8/8
  2158 | D:3      | Reached XP level 5. HP: 14/44 MP: 6/10
  2949 | D:4      | Reached skill level 1 in Poison Magic
  2972 | D:4      | Reached skill level 2 in Fighting
  3055 | D:4      | Found a sand-covered staircase.
  3060 | Ossuary  | Entered an ossuary
  3165 | Ossuary  | Reached XP level 6. HP: 52/52 MP: 9/11
  3375 | Ossuary  | Reached skill level 3 in Fighting
  3452 | Ossuary  | Learned a level 4 spell: Ice Form
  3593 | D:4      | Noticed a black bear
  3656 | D:4      | Killed a black bear
  3657 | D:4      | Reached skill level 5 in Transmutations
  3657 | D:4      | Reached skill level 1 in Ice Magic
  3657 | D:4      | Reached XP level 7. HP: 62/62 MP: 8/12
  3760 | D:4      | Reached skill level 4 in Fighting
  3867 | D:4      | You fall into a shaft and drop 3 floors!
  3878 | D:7      | Found a staircase to the Ecumenical Temple.
  3887 | Temple   | Entered the Ecumenical Temple
  4093 | Temple   | Became a worshipper of Cheibriados the Contemplative
  4123 | D:7      | Found a sacrificial altar of Ru.
  4409 | D:6      | Reached XP level 8. HP: 73/73 MP: 8/13
  4446 | D:6      | Reached * piety under Cheibriados
  4447 | D:6      | Reached skill level 5 in Fighting
  4451 | D:5      | Entered Level 5 of the Dungeon
  4593 | D:4      | Noticed Blork the orc
  4597 | D:4      | Killed Blork the orc
  4845 | D:4      | Found a runed translucent door.
  4846 | D:4      | Noticed Crazy Yiuf
  5626 | D:5      | Found a shimmering altar of Xom.
  5755 | D:5      | Reached ** piety under Cheibriados
  6147 | D:6      | Reached skill level 6 in Fighting
  6147 | D:6      | Reached XP level 9. HP: 82/82 MP: 9/14
  6307 | D:6      | Noticed Eustachio
  6326 | D:6      | Killed Eustachio
  6456 | D:6      | Noticed a hornet
  6460 | D:6      | Killed a hornet
  6511 | D:6      | Learned a level 3 spell: Mephitic Cloud
  6516 | D:6      | Learned a level 4 spell: Olgreb's Toxic Radiance
  7094 | D:7      | Reached *** piety under Cheibriados
  7095 | D:7      | Reached skill level 7 in Fighting
  7407 | D:7      | Reached skill level 5 in Unarmed Combat
  7407 | D:7      | Reached skill level 5 in Spellcasting
  7568 | D:7      | Reached XP level 10. HP: 94/94 MP: 17/17
  7924 | D:8      | Found an ancient bone altar of Kikubaaqudgha.
  7926 | D:8      | Found a blossoming altar of Fedhas.
  7994 | D:8      | Noticed a two-headed ogre
  8005 | D:8      | Killed a two-headed ogre
  8006 | D:8      | Reached skill level 5 in Poison Magic
  8142 | D:8      | Identified the +5 spear "Hydraslayer" {vamp, Int+7}
  8277 | D:8      | Reached **** piety under Cheibriados
  8628 | D:8      | Reached skill level 8 in Fighting
  9482 | D:9      | HP: 3/144 [steam dragon/ball of steam (18)]
  9973 | D:9      | Found a staircase to the Orcish Mines.
  9979 | D:9      | Reached ***** piety under Cheibriados
 10442 | D:9      | Noticed a death yak
 10442 | D:9      | Noticed a death yak
 10443 | D:9      | Noticed a death yak
 10444 | D:9      | Found a staircase to the Lair.
 10454 | D:9      | Killed a death yak
 10455 | D:9      | Reached XP level 11. HP: 68/104 MP: 13/20
 10462 | D:9      | Killed a death yak
 10466 | D:9      | Killed a death yak
 10467 | D:9      | Reached skill level 9 in Fighting
 10637 | D:9      | Found a huge runed translucent gate.
 10638 | D:9      | Noticed a manticore
 10638 | D:9      | Found a huge runed translucent gate.
 10638 | D:9      | Found a huge runed translucent gate.
 10638 | D:9      | Found a huge runed translucent gate.
 10638 | D:9      | Noticed a manticore
 10813 | D:9      | Identified the +4 quarterstaff "Vischorch" {holy, rF+
                  | Int+3}
 11370 | D:10     | Entered Level 10 of the Dungeon
 11376 | D:10     | Noticed Amaemon
 11516 | D:10     | Noticed Sonja
 11648 | D:9      | Learned a level 5 spell: Freezing Cloud
 11649 | Lair:1   | Entered Level 1 of the Lair of Beasts
 11687 | Lair:1   | Reached skill level 1 in Conjurations
 11861 | Lair:1   | Got the Grimoire of Unstable Blasphemous Rituals
 11983 | Lair:1   | Reached ****** piety under Cheibriados
 12380 | Lair:1   | Noticed a seven-headed hydra
 12386 | Lair:1   | Killed a seven-headed hydra
 12587 | Lair:1   | Reached XP level 12. HP: 116/116 MP: 19/23
 12671 | Lair:1   | Reached skill level 5 in Dodging
 13130 | Lair:2   | Noticed an eight-headed hydra
 13189 | Lair:2   | Killed an eight-headed hydra
 13190 | Lair:2   | Reached skill level 10 in Fighting
 13518 | Lair:2   | Found a staircase to the Swamp.
 13742 | Lair:2   | HP: 1/117 [lindwurm/blast of flame (18)]
 14642 | Lair:2   | Found a staircase to the Snake Pit.
 15491 | Lair:3   | Reached skill level 11 in Fighting
 15491 | Lair:3   | Gained mutation: You can use your snake-like lower body to
                  | constrict enemies. [Naga growth]
 15491 | Lair:3   | Reached XP level 13. HP: 127/127 MP: 14/26
 15862 | Lair:3   | Reached skill level 10 in Unarmed Combat
 16680 | Lair:4   | Noticed Nessos
 16688 | Lair:4   | Killed Nessos
 17145 | Lair:4   | Reached skill level 5 in Conjurations
 17463 | Lair:4   | Noticed graymark's ghost (journeyman DjFE)
 17470 | Lair:4   | Found a runed translucent gate.
 17470 | Lair:4   | Found a runed translucent gate.
 17470 | Lair:4   | Found a runed translucent gate.
 17901 | Lair:4   | Found a staircase to the Slime Pits.
 18291 | Lair:5   | Entered Level 5 of the Lair of Beasts
 18961 | Lair:5   | Reached skill level 10 in Spellcasting
 18990 | Lair:5   | Reached skill level 12 in Fighting
 18990 | Lair:5   | Reached XP level 14. HP: 138/138 MP: 14/28
 20137 | Lair:5   | Found a corrupted altar of Lugonu.
 20137 | Lair:5   | Found a one-way gate to the infinite horrors of the Abyss.
 21286 | D:10     | Killed Amaemon
 21435 | D:10     | Noticed Josephine
 21441 | D:10     | Killed Josephine
 21573 | D:10     | Found an opulent altar of Gozag.
 21623 | D:10     | Reached skill level 13 in Fighting
 21919 | D:10     | Killed Sonja
 22242 | D:11     | Reached skill level 1 in Invocations
 22242 | D:11     | Reached skill level 1 in Evocations
 22392 | D:11     | Reached XP level 15. HP: 141/142 MP: 25/29
 23375 | D:12     | Noticed Azrael
 23384 | D:12     | Killed Azrael
 23385 | D:12     | Reached skill level 5 in Invocations
 23743 | D:12     | Found Gumoille's Antique Armour Emporium.
 23767 | D:12     | Reached skill level 5 in Evocations
 24448 | D:13     | Reached skill level 1 in Armour
 24954 | D:13     | Found a portal to a secret trove of treasure.
 25113 | Trove    | Entered a treasure trove
 25150 | Trove    | Got Sif Muna's Volume of Permutations and Astrapomancy
 25154 | Trove    | Got Sif Muna's Primer on Witchery
 25173 | Trove    | Identified the ring "Iprivviso" {rC+ rCorr}
 25180 | Trove    | Identified the ring of Uptorch {Wiz rElec rF- Int+6 Dex+2}
 25354 | Orc:1    | Entered Level 1 of the Orcish Mines
 25599 | Orc:2    | Entered Level 2 of the Orcish Mines
 26753 | Orc:2    | Learned a level 5 spell: Blade Hands
 26996 | Orc:2    | Found Qotoskeocw's Distillery.
 26996 | Orc:2    | Found Kipuxti's Book Boutique.
 27002 | Orc:2    | Bought a potion of curing for 48 gold pieces
 27002 | Orc:2    | Bought a potion of curing for 48 gold pieces
 27002 | Orc:2    | Bought a potion of curing for 48 gold pieces
 27002 | Orc:2    | Bought 2 potions of curing for 96 gold pieces
 27398 | Orc:2    | Found a staircase to the Elven Halls.
 27512 | Orc:2    | Found Volurij's Magic Scroll Shoppe.
 27512 | Orc:2    | Found Sacoxuy's Antique Armour Boutique.
 27517 | Orc:2    | Bought 2 scrolls of blinking for 225 gold pieces
 27526 | Orc:2    | Bought a smoking scale mail for 252 gold pieces
 27526 | Orc:2    | Identified the +3 scale mail of Marbles {Rampage MP+9
                  | Int+7} (You bought it in a shop on level 2 of the Orcish
                  | Mines)
 27562 | Orc:2    | Found Wyqehyle's Armour Emporium.
 27569 | Orc:2    | Bought the +4 Cigotuvi's embrace {Corpsefed rMiasma Drain
                  | rN+} for 276 gold pieces
 27569 | Orc:2    | Found the +4 Cigotuvi's embrace {Corpsefed rMiasma Drain
                  | rN+}
 27656 | Orc:2    | Found a shimmering altar of Xom.
 27876 | Orc:2    | Reached skill level 5 in Ice Magic
 28358 | Orc:1    | Found a runed translucent gate.
 28359 | Orc:1    | Found a runed translucent gate.
 28359 | Orc:1    | Found a runed translucent gate.
 28360 | Orc:1    | Noticed ryxuma's ghost (journeyman MiBe)
 28480 | Orc:1    | Killed ryxuma's ghost
 28481 | Orc:1    | Reached XP level 16. HP: 157/157 MP: 25/30
 29534 | D:14     | Found a gate to the Vaults.
 29620 | D:14     | Noticed Jorgrun
 29626 | D:14     | Killed Jorgrun
 29767 | D:14     | Learned a level 2 spell: Blink
 29786 | D:15     | Entered Level 15 of the Dungeon
 29786 | D:15     | Found Yzadweidy's Antique Weapon Shoppe.
 29825 | D:15     | Identified the +1 hand axe of the Indestructible God
                  | {flame, rPois}
 29856 | D:15     | Found a frozen archway.
 29880 | IceCv    | Entered an ice cave
 29890 | IceCv    | HP: 6/189 [spriggan defender simulacrum (5)]
 29890 | IceCv    | Slain by a spriggan defender simulacrum

Illustrated notes

Levels and vault maps discovered:
D:1:      sevenhm_arrival_forest_fort_small_3, layout_basic,
          minmay_misc_feat_plants
D:2:      layout_basic, basic_altar, ebering_ecumenical_altar_rust,
          minmay_rat_gold_closets
D:3:      layout_loops_cross
D:4:      minmay_thinvault, layout_loops_ring, enter_ossuary_2, minivault_24,
          minmay_surrounded, uniq_crazy_yiuf_cottage, uniq_blork_the_orc
D:5:      layout_cave_pools, mainiacjoe_overflow_paths, nrook_mini_backslash
D:6:      layout_gridville, kennysheep_dice, uniq_eustachio
D:7:      layout_basic, overflow_temple_1_default,
          minmay_temple_entry_large_hall, serial_aquarium,
          aquarium_bridge_square [aquarium_subvault_window,
          aquarium_subvault_window, aquarium_subvault_balcony,
          aquarium_subvault_bridge], aquarium_window_fake, aquarium_window_2,
          aquarium_window_2, aquarium_view_4, enter_bailey_5
D:8:      layout_loops_corners, grunt_temple_overflow_growth_and_decay
D:9:      lemuel_bear_cage, layout_basic, dpeg_lair_monsters, zombieorc2_lemuel,
          lightli_orcish_oven
D:10:     layout_cave_pools, grunt_gozag_statues, blue_anna_alchemist,
          uniq_josephine, uniq_amaemon, uniq_sonja
D:11:     layout_irregular_city, minmay_the_grid_2x2 [minmay_the_grid_spin_star,
          minmay_the_grid_outer_circle, minmay_the_grid_odd_star,
          minmay_the_grid_prize_inner_circle]
D:12:     layout_roguey [special_room_bee], serial_shops, shop, uniq_azrael
D:13:     layout_roguey [special_room_orc], enter_trove_0, disabler_island
D:14:     layout_roguey, david_vaults_4, roderic_cross_of_infinity, uniq_jorgrun
D:15:     grunt_enter_depths_hoard, layout_basic, nicolae_wwwww, serial_shops,
          shop, portal_ice_cave_entry_dragon, uniq_louise
Temple:   nicolae_temple_bog_church
Lair:1:   layout_regular_city, grunt_megastairs_4, serial_bayou_shore_b
Lair:2:   layout_small_grid, minmay_swamp_entry_eels, dummy_snake_entry,
          nicolae_lair_lindhole
Lair:3:   layout_cave_pods, beast_lair_carwin_4, serial_bayou_shore_a,
          grunt_megastairs_1, serial_bayou_shore_b
Lair:4:   layout_gridlike, minmay_slime_entry_oklob_open, gammafunk_ghost_icy,
          uniq_nessos
Lair:5:   hellmonk_lair_end_abyssal_woods, layout_long_grid
Orc:1:    layout_caves, ebering_ghost_rock_garden
Orc:2:    st_orc_town, layout_caves, basic_altar, guppyfry_orc_lava_fort
IceCv:    ice_cave_caverns_02

Skill      XL: |  1  2  3  4  5  6  7  8  9 10 11 12 13 14 15 16 |
---------------+-------------------------------------------------+-----
Transmutations | 3 4 5 7 8 |  8.0
Spellcasting   | 3 5 6 7 9 10 | 10.9
Poison Magic   | 2 3 5 |  5.0
Fighting       | 2 3 4 6 7 8 9 11 12 13 | 13.8
Ice Magic      | 1 2 4 5 |  5.7
Unarmed Combat | 5 7 8 9 10 12 | 12.4
Dodging        | 3 4 6 7 9 |  9.9
Conjurations   | 3 6 8 |  8.2
Invocations    | 1 7 |  7.0
Evocations     | 1 5 |  5.0
Armour         | 2 3 |  3.5

Action                     |  1- 3 |  4- 6 |  7- 9 | 10-12 | 13-15 | 16-18 || total
---------------------------+-------+-------+-------+-------+-------+-------++-------
  Melee: Unarmed           |   140 |   290 |   272 |   243 |   363 |    64 ||  1372
         Headbutt          |     3 |     1 |       |       |       |       ||     4
         Punch             |     1 |     6 |     4 |    11 |    50 |    11 ||    83
         Spear             |       |       |       |   190 |   355 |    19 ||   564
         Constrict         |       |       |       |       |    99 |    13 ||   112
   Cast: Beastly Appendage |     3 |     1 |       |       |     4 |       ||     8
         Spider Form       |       |    13 |       |       |       |       ||    13
         Ice Form          |       |     1 |    24 |    35 |    38 |     2 ||   100
         Olgreb's Toxic Ra |       |       |     2 |    54 |   123 |     4 ||   183
         Mephitic Cloud    |       |       |       |     6 |     6 |     1 ||    13
         Freezing Cloud    |       |       |       |     5 |    53 |       ||    58
         Blade Hands       |       |       |       |       |     8 |     8 ||    16
 Invoke: Bend Time         |       |       |     1 |       |       |       ||     1
         Slouch            |       |       |       |       |     3 |       ||     3
Ability: End Transformatio |       |       |       |     1 |       |       ||     1
  Evoke: Wand              |       |       |       |     1 |       |       ||     1
    Use: Potion            |     1 |     2 |       |     5 |     3 |     1 ||    12
         Scroll            |       |     4 |     5 |     8 |    16 |     1 ||    34
   Stab: Sleeping          |     3 |     1 |     1 |     4 |     5 |       ||    14
         Confused          |       |       |       |     4 |     6 |     3 ||    13
         Distracted        |       |       |       |     3 |     6 |     1 ||    10
 Armour: Robe              |    39 |    49 |    26 |    41 |   131 |       ||   286
         Skin              |       |     6 |    50 |    68 |    70 |     4 ||   198
         Leather armour    |       |       |       |       |     8 |    32 ||    40
  Dodge: Dodged            |    83 |   175 |   133 |   220 |   592 |    43 ||  1246
  Block: Other             |       |       |    13 |    95 |   188 |    12 ||   308
         Reflection        |       |       |     2 |     2 |    16 |     1 ||    21
